 Dungeon Crawl Stone Soup version 0.21.1-1-g345015f (webtiles) character file.

93 tyranidshit the Skirmisher (level 4, -1/39 HPs)
             Began as a Demonspawn Abyssal Knight on July 27, 2018.
             Was a Follower of Lugonu.
             Slain by an adder (2 damage)
             ... on level 2 of the Dungeon.
             The game lasted 00:03:42 (1125 turns).

tyranidshit the Skirmisher (DsAK)                   Turns: 1125, Time: 00:03:43

Health: -1/39      AC: 13    Str: 17    XL:     4   Next: 37%
Magic:  5/5        EV:  5    Int: 13    God:    Lugonu [*.....]
Gold:   91         SH:  0    Dex: 15    Spells: 3/3 levels left

rFire    . . .     SeeInvis .   a - +1 hand axe
rCold    . . .     Gourm    .   (no shield)
rNeg     . . .     Faith    .   d - +0 plate armour
rPois    .         Spirit   .   (helmet restricted)
rElec    .         Reflect  .   (no cloak)
rCorr    .         Harm     .   f - +1 pair of gloves {Dex+3}
MR       .....     Rnd*Tele +   (no boots)
Stlth    ..........             (no amulet)
HPRegen  0.13/turn              e - +3 ring of strength
MPRegen  0.09/turn              h - ring of teleportation (curse)

@: lethally poisoned (-1 -> -2)
A: horns 1
a: Depart the Abyss, Renounce Religion


You were on level 2 of the Dungeon.
You worshipped Lugonu.
Lugonu was aware of your devotion.
You were hungry.

You visited 1 branch of the dungeon, and saw 2 of its levels.
You visited the Abyss 1 time.

You collected 91 gold pieces.

Inventory:

Hand Weapons
 a - a +1 hand axe (weapon)
Armour
 b - a +0 leather armour
 d - a +0 plate armour (worn)
 f - a +1 pair of gloves of dexterity (worn)
Jewellery
 e - a +3 ring of strength (left hand)
 h - a cursed ring of teleportation (right hand)
Scrolls
 g - a scroll of magic mapping
 j - a scroll of identify
Potions
 i - 2 potions of might
Comestibles
 c - 2 rations


   Skills:
 - Level 5.0 Fighting
 - Level 1.7 Axes
 + Level 2.1 Armour
 - Level 0.8 Dodging
 - Level 2.6 Invocations


You had 3 spell levels left.
You didn't know any spells.

Dungeon Overview and Level Annotations

Branches:
Dungeon (2/15)

Altars:
Fedhas


Innate Abilities, Weirdness & Mutations

You have a pair of small horns on your head.


Message History

You feel sick.
You feel sick.
You feel sick. The adder bites you but does no damage.
You see here a ball python corpse.
You feel sick. The adder bites you but does no damage.
You see here a rat corpse.
You feel sick.
You feel sick. The adder bites you but does no damage.
You feel sick. The adder completely misses you.
Found a stone staircase leading up.
Found a stone staircase leading down.
You feel sick. The adder barely misses you.
Found 16 stones.
The adder bites you.
* * * LOW HITPOINT WARNING * * *
* * * LOW HITPOINT WARNING * * *
You feel sick. The adder bites you.
You die...

......#####..#
######### #######
##.# #.# .# #.#+
.###.(. ..##..
#.##.. ..#
#####.##.# .[#
#......#.#
..#######.##...#@#
...........#...#S#
.....).P.P.#.....#
........_........#
...#...P.P.......#
...†.†.....#..<#.#
?#.#....#.##...#.#
...#.)..#.........
####....#..#####.##


You could see an adder.

Vanquished Creatures
  4 adders (D:2)
  2 oozes (D:2)
  2 worms (D:2)
  3 dart slugs
  A leopard gecko (D:1)
  4 bats
  2 giant cockroaches
  3 goblins
  4 hobgoblins (D:1)
  6 kobolds
  A ball python (D:2)
  A frilled lizard (D:2)
  7 rats
40 creatures vanquished.

Notes
Turn   | Place    | Note
-------+----------+-------------------------------------------
     0 | Abyss:1  | tyranidshit the Demonspawn Abyssal Knight began the quest for the Orb.
     0 | Abyss:1  | Reached XP level 1. HP: 18/18 MP: 2/2
    53 | Abyss:2  | Noticed a sun demon
    53 | Abyss:2  | Noticed a red devil
    96 | Abyss:3  | Found a shadowy altar of Dithmenos.
    96 | Abyss:3  | Noticed a worldbinder
    97 | Abyss:3  | Noticed a spiny frog
    97 | Abyss:3  | Noticed a dream sheep
   108 | Abyss:3  | Noticed a smoke demon
   108 | Abyss:3  | Noticed a spiny frog
   110 | D:1      | Escaped the Abyss
   437 | D:1      | Gained mutation: You have a pair of small horns on your head. [demonic ancestry]
   437 | D:1      | Reached XP level 2. HP: 19/24 MP: 3/3
   481 | D:1      | Reached * piety under Lugonu
   809 | D:1      | Reached skill level 4 in Fighting
   854 | D:2      | Reached XP level 3. HP: 30/30 MP: 4/4
  1059 | D:2      | Found a blossoming altar of Fedhas.
  1066 | D:2      | Reached XP level 4. HP: 35/38 MP: 5/5
  1071 | D:2      | Reached skill level 5 in Fighting
  1125 | D:2      | HP: 1/39 [poisoned by an adder]
  1125 | D:2      | Slain by an adder

Skill      XL: |  1  2  3  4 |
---------------+-------------+-----
Fighting       | 4 5 |  5.0
Armour         | 2 |  2.1
Axes           | |  1.7
Dodging        | |  0.8
Invocations    | |  2.6

Action                   |  1- 3 |  4- 6 || total
-------------------------+-------+-------++-------
Melee: Hand axe          |    94 |    24 ||   118
       Headbutt          |    12 |     5 ||    17
Invok: Depart the Abyss  |     1 |       ||     1
  Use: Scroll            |     5 |       ||     5
       Potion            |     3 |       ||     3
Armor: Plate armour      |    82 |    20 ||   102
       Leather armour    |     2 |       ||     2
Dodge: Dodged            |    24 |     5 ||    29
